 Dungeon Crawl Stone Soup version 0.25-a0-942-g87a53962fc (webtiles) character file.

Game seed: 16806325507615957838, levelgen mode: deterministic

820 Caramio the Chopper (level 8, -5/60 HPs)
             Began as a Formicid Fighter on May 7, 2020.
             Slain by Prince Ribbit (7 damage)
             ... on level 5 of the Dungeon.
             The game lasted 00:05:28 (4617 turns).

Caramio the Chopper (Formicid Fighter)              Turns: 4617, Time: 00:05:29

Health: -5/60      AC: 16    Str: 23    XL:     8   Next: 16%
Magic:  8/8        EV:  5    Int:  8    God:
Gold:   170        SH: 10    Dex: 10    Spells: 7/7 levels left

rFire    . . .     SeeInvis +   Y - +1 war axe
rCold    . . .     Gourm    .   c - +0 kite shield
rNeg     . . .     Faith    .   n - +0 plate armour
rPois    .         Spirit   .   (helmet unavailable)
rElec    .         Reflect  .   (no cloak)
rCorr    +         Harm     .   (no gloves)
MR       .....                  (no boots)
Stlth    ..........             (no amulet)
HPRegen  0.20/turn              h - +5 ring of protection
MPRegen  0.11/turn              l - ring of resist corrosion

@: no status effects
A: permanent stasis, dig shafts and tunnels, four strong arms, antennae 3
a: Dig, Shaft Self


You were on level 5 of the Dungeon.
You were not hungry.

You visited 1 branch of the dungeon, and saw 5 of its levels.

You collected 170 gold pieces.


Innate Abilities, Weirdness & Mutations

You cannot be hasted, slowed, berserked, paralysed or teleported.
You can dig through walls and to a lower floor.
Your four strong arms can wield two-handed weapons with a shield.
You have a pair of large antennae on your head. (SInv)


   Skills:
 - Level 4.2 Fighting
 + Level 7.6 Axes
 - Level 3.2 Armour
 - Level 1.0 Dodging
 - Level 5.4 Shields


You had 7 spell levels left.
You didn't know any spells.
Your spell library was empty.

Inventory:

Hand Weapons
 p - a +0 flail
 Y - a +1 war axe (weapon)
Armour
 c - a +0 kite shield (worn)
 n - a +0 plate armour (worn)
Jewellery
 h - a +5 ring of protection (left hand)
 l - a ring of resist corrosion (right hand)
Potions
 a - a potion of haste
 d - 3 potions of might
 f - a potion of stabbing {unknown}
 i - a potion of brilliance {unknown}
 j - a potion of lignification {unknown}
 k - a potion of degeneration {unknown}
 m - a potion of berserk rage {unknown}
Comestibles
 e - 10 rations

Dungeon Overview and Level Annotations

Branches:
Dungeon (5/15)
 Temple: D:4-7

Altars:
Ashenzari
Makhleb
Trog

Annotations:
D:5 Prince Ribbit


Message History

Prince Ribbit is moderately wounded.
Prince Ribbit blinks!
You miss Prince Ribbit.
Prince Ribbit is moderately wounded.
Prince Ribbit closely misses you. You block Prince Ribbit's attack.
You completely miss Prince Ribbit.
Prince Ribbit is moderately wounded.
Prince Ribbit blinks!
Prince Ribbit croaks regally.
You slash Prince Ribbit!
Prince Ribbit is severely wounded.
Prince Ribbit blinks!
Prince Ribbit hits you!
You hit Prince Ribbit.
Prince Ribbit is severely wounded.
Prince Ribbit hits you but does no damage.
You hit Prince Ribbit.
Prince Ribbit is almost dead.
Prince Ribbit lets out a mournful croak.
Prince Ribbit hits you!
You die...

#..# #. . ##..# #. .. #...#
#. ...##..####### #.
..............# #.
.#..##F..####.# ##.
##..##....###.# #..
.........###%.# #..
....####.##@..############..
...#####.#(.F...............
#.........................#
#.#####)......#############
#.##....#######
#.###.#.......#
.#####.#####.#####.#
#.......%###.##
...######...##


You could see Prince Ribbit.

Vanquished Creatures
  An ice beast (D:5)
  A centaur (D:5)
  2 scorpions (D:4)
  A howler monkey (D:5)
  3 orc priests (D:4)
  2 orc wizards (D:5)
  A bullfrog skeleton (D:4)
  An iguana (D:4)
  2 worker ants
  8 gnolls (D:4)
  A howler monkey skeleton (D:3)
  6 adders
  2 oozes
  5 worms
  A dart slug (D:1)
  5 leopard geckos
  10 orcs
  2 giant cockroaches (D:1)
  4 goblins
  10 hobgoblins
  14 jackals
  9 kobolds
  2 quokkas
  8 bats
  2 frilled lizards
  A jackal skeleton (D:4)
  3 leopard gecko skeletons
  7 rats
114 creatures vanquished.

Notes
Turn   | Place    | Note
-------+----------+-------------------------------------------
     0 | D:1      | Caramio the Formicid Fighter began the quest for the Orb.
     0 | D:1      | Reached XP level 1. HP: 18/18 MP: 1/1
     0 | D:1      | Noticed a dwarf
     0 | D:1      | 0 ||| counter = 36
     0 | D:1      | Noticed a minotaur skeleton
     2 | D:1      | Noticed a felid
     6 | D:1      | Noticed a felid
     7 | D:1      | Noticed a vampire
    10 | D:1      | Noticed an ogre
    14 | D:1      | Noticed a formicid
    14 | D:1      | Noticed a vampire
    44 | D:1      | 44 ||| Stepping ~*~*~tactically~*~*~ (stealth).
    76 | D:1      | Reached XP level 2. HP: 22/24 MP: 2/2
   104 | D:1      | 104 ||| Stepping ~*~*~tactically~*~*~ (hiding).
   105 | D:1      | 105 ||| Waiting for ranged monster.
   106 | D:1      | 106 ||| Waiting for ranged monster.
   107 | D:1      | 107 ||| Waiting for ranged monster.
   108 | D:1      | 108 ||| Waiting for ranged monster.
   109 | D:1      | 109 ||| Waiting for ranged monster.
   110 | D:1      | 110 ||| Waiting for ranged monster.
   111 | D:1      | 111 ||| Waiting for ranged monster.
   112 | D:1      | 112 ||| Waiting for ranged monster.
   113 | D:1      | 113 ||| Waiting for ranged monster.
   135 | D:1      | 135 ||| Stepping ~*~*~tactically~*~*~ (stealth).
   167 | D:1      | 167 ||| Stepping ~*~*~tactically~*~*~ (stealth).
   168 | D:1      | 168 ||| Stepping ~*~*~tactically~*~*~ (stealth).
   221 | D:1      | Reached skill level 3 in Axes
   508 | D:1      | Reached XP level 3. HP: 29/29 MP: 3/3
   728 | D:1      | 728 ||| READING scroll labeled MANIDE AFEONI.
   729 | D:1      | 729 ||| READING scroll labeled PEWAAF ZEFA.
   790 | D:2      | Found a burning altar of Makhleb.
   907 | D:2      | 907 ||| SWAPPING to glowing hand axe.
   908 | D:2      | 908 ||| SWAPPING to +0 war axe.
   909 | D:2      | 909 ||| DROPPING +1 vorpal hand axe.
   984 | D:2      | 984 ||| Stepping ~*~*~tactically~*~*~ (stealth).
   985 | D:2      | 985 ||| Stepping ~*~*~tactically~*~*~ (stealth).
  1150 | D:2      | 1150 ||| Stepping ~*~*~tactically~*~*~ (stealth).
  1157 | D:2      | 1157 ||| Stepping ~*~*~tactically~*~*~ (stealth).
  1201 | D:2      | 1201 ||| Stepping ~*~*~tactically~*~*~ (stealth).
  1244 | D:2      | Reached skill level 4 in Axes
  1244 | D:2      | Reached XP level 4. HP: 35/35 MP: 4/4
  1530 | D:2      | 1530 ||| READING scroll labeled BIKKODU JUNO.
  1531 | D:2      | 1531 ||| READING 3 scrolls labeled XIGARRAULE.
  1532 | D:2      | 1532 ||| READING 2 scrolls of identify.
  1532 | D:2      | 1532 ||| IDENTIFYING cyan potion
  1645 | D:3      | 1645 ||| Stepping ~*~*~tactically~*~*~ (stealth).
  1646 | D:3      | 1646 ||| Stepping ~*~*~tactically~*~*~ (stealth).
  1647 | D:3      | 1647 ||| Stepping ~*~*~tactically~*~*~ (stealth).
  1699 | D:3      | Found a shattered altar of Ashenzari.
  1766 | D:3      | 1766 ||| Stepping ~*~*~tactically~*~*~ (stealth).
  1768 | D:3      | 1768 ||| Stepping ~*~*~tactically~*~*~ (stealth).
  1922 | D:3      | 1922 ||| Stepping ~*~*~tactically~*~*~ (stealth).
  1923 | D:3      | 1923 ||| Stepping ~*~*~tactically~*~*~ (stealth).
  1924 | D:3      | 1924 ||| Stepping ~*~*~tactically~*~*~ (stealth).
  1925 | D:3      | 1925 ||| Stepping ~*~*~tactically~*~*~ (stealth).
  1926 | D:3      | 1926 ||| Stepping ~*~*~tactically~*~*~ (stealth).
  1927 | D:3      | 1927 ||| Stepping ~*~*~tactically~*~*~ (stealth).
  1934 | D:3      | 1934 ||| Stepping ~*~*~tactically~*~*~ (stealth).
  1935 | D:3      | 1935 ||| Stepping ~*~*~tactically~*~*~ (stealth).
  1936 | D:3      | 1936 ||| Stepping ~*~*~tactically~*~*~ (stealth).
  1937 | D:3      | 1937 ||| Stepping ~*~*~tactically~*~*~ (stealth).
  2024 | D:3      | 2024 ||| Stepping ~*~*~tactically~*~*~ (stealth).
  2025 | D:3      | 2025 ||| Stepping ~*~*~tactically~*~*~ (stealth).
  2026 | D:3      | 2026 ||| Stepping ~*~*~tactically~*~*~ (stealth).
  2027 | D:3      | 2027 ||| Stepping ~*~*~tactically~*~*~ (stealth).
  2054 | D:3      | 2054 ||| Stepping ~*~*~tactically~*~*~ (stealth).
  2084 | D:3      | Found a bloodstained altar of Trog.
  2169 | D:3      | 2169 ||| FLEEEEING.
  2170 | D:3      | 2170 ||| FLEEEEING.
  2171 | D:3      | 2171 ||| FLEEEEING.
  2172 | D:3      | 2172 ||| FLEEEEING.
  2173 | D:3      | 2173 ||| FLEEEEING.
  2174 | D:3      | 2174 ||| FLEEEEING.
  2175 | D:3      | 2175 ||| FLEEEEING.
  2176 | D:3      | 2176 ||| FLEEEEING.
  2177 | D:3      | 2177 ||| FLEEEEING.
  2178 | D:3      | 2178 ||| FLEEEEING.
  2179 | D:3      | 2179 ||| FLEEEEING.
  2180 | D:3      | 2180 ||| STILL FLEEEEING.
  2181 | D:3      | 2181 ||| STILL FLEEEEING.
  2191 | D:3      | 2191 ||| Stepping ~*~*~tactically~*~*~ (stealth).
  2192 | D:3      | 2192 ||| Stepping ~*~*~tactically~*~*~ (stealth).
  2194 | D:3      | 2194 ||| Stepping ~*~*~tactically~*~*~ (stealth).
  2195 | D:3      | 2195 ||| Stepping ~*~*~tactically~*~*~ (stealth).
  2196 | D:3      | 2196 ||| Stepping ~*~*~tactically~*~*~ (stealth).
  2197 | D:3      | 2197 ||| Stepping ~*~*~tactically~*~*~ (stealth).
  2198 | D:3      | 2198 ||| Stepping ~*~*~tactically~*~*~ (stealth).
  2199 | D:3      | 2199 ||| Stepping ~*~*~tactically~*~*~ (stealth).
  2215 | D:3      | 2215 ||| Stepping ~*~*~tactically~*~*~ (stealth).
  2220 | D:3      | 2220 ||| STAIRDANCE
  2232 | D:3      | 2232 ||| Stepping ~*~*~tactically~*~*~ (stealth).
  2258 | D:3      | 2258 ||| UPGRADING to chain mail.
  2268 | D:3      | 2268 ||| DROPPING +0 scale mail.
  2374 | D:3      | 2374 ||| Stepping ~*~*~tactically~*~*~ (stealth).
  2375 | D:3      | 2375 ||| Stepping ~*~*~tactically~*~*~ (stealth).
  2376 | D:3      | 2376 ||| Stepping ~*~*~tactically~*~*~ (stealth).
  2377 | D:3      | 2377 ||| Stepping ~*~*~tactically~*~*~ (stealth).
  2378 | D:3      | 2378 ||| Stepping ~*~*~tactically~*~*~ (stealth).
  2379 | D:3      | 2379 ||| Stepping ~*~*~tactically~*~*~ (stealth).
  2381 | D:3      | 2381 ||| Stepping ~*~*~tactically~*~*~ (stealth).
  2382 | D:3      | 2382 ||| Stepping ~*~*~tactically~*~*~ (stealth).
  2385 | D:3      | 2385 ||| Stepping ~*~*~tactically~*~*~ (stealth).
  2386 | D:3      | 2386 ||| Stepping ~*~*~tactically~*~*~ (stealth).
  2389 | D:3      | Reached XP level 5. HP: 41/41 MP: 5/5
  2390 | D:3      | 2390 ||| Stepping ~*~*~tactically~*~*~ (stealth).
  2493 | D:3      | 2493 ||| READING 2 scrolls of identify.
  2493 | D:3      | 2493 ||| IDENTIFYING ruby ring
  2494 | D:3      | 2494 ||| UPGRADING to +5 ring of protection.
  2522 | D:4      | 2522 ||| FLEEEEING.
  2523 | D:4      | 2523 ||| STAIRDANCE
  2652 | D:4      | 2652 ||| UPGRADING to mace.
  2653 | D:4      | 2653 ||| SWAPPING to +0 war axe.
  2675 | D:4      | Reached skill level 5 in Axes
  2866 | D:4      | 2866 ||| Stepping ~*~*~tactically~*~*~ (stealth).
  2870 | D:4      | 2870 ||| Stepping ~*~*~tactically~*~*~ (stealth).
  2879 | D:4      | Reached XP level 6. HP: 47/47 MP: 6/6
  2919 | D:4      | Reached skill level 6 in Axes
  3061 | D:4      | 3061 ||| DROPPING +0 mace.
  3104 | D:4      | Reached skill level 1 in Dodging
  3549 | D:4      | 3549 ||| Stepping ~*~*~tactically~*~*~ (stealth).
  3550 | D:4      | 3550 ||| Stepping ~*~*~tactically~*~*~ (stealth).
  3555 | D:4      | Reached XP level 7. HP: 51/54 MP: 7/7
  3897 | D:4      | 3897 ||| Stepping ~*~*~tactically~*~*~ (stealth).
  3902 | D:4      | 3902 ||| Stepping ~*~*~tactically~*~*~ (stealth).
  3903 | D:4      | 3903 ||| Stepping ~*~*~tactically~*~*~ (stealth).
  3904 | D:4      | 3904 ||| Stepping ~*~*~tactically~*~*~ (stealth).
  3960 | D:4      | 3960 ||| Stepping ~*~*~tactically~*~*~ (stealth).
  3961 | D:4      | 3961 ||| Stepping ~*~*~tactically~*~*~ (stealth).
  3963 | D:4      | 3963 ||| Stepping ~*~*~tactically~*~*~ (hiding).
  3964 | D:4      | 3964 ||| Waiting for ranged monster.
  3965 | D:4      | 3965 ||| Stepping ~*~*~tactically~*~*~ (hiding).
  3966 | D:4      | 3966 ||| Stepping ~*~*~tactically~*~*~ (hiding).
  3967 | D:4      | 3967 ||| Stepping ~*~*~tactically~*~*~ (hiding).
  3968 | D:4      | 3968 ||| Stepping ~*~*~tactically~*~*~ (hiding).
  3969 | D:4      | 3969 ||| Stepping ~*~*~tactically~*~*~ (hiding).
  3970 | D:4      | 3970 ||| Stepping ~*~*~tactically~*~*~ (hiding).
  3971 | D:4      | 3971 ||| Waiting for ranged monster.
  3972 | D:4      | 3972 ||| Waiting for ranged monster.
  3973 | D:4      | 3973 ||| Waiting for ranged monster.
  3974 | D:4      | 3974 ||| Waiting for ranged monster.
  3975 | D:4      | 3975 ||| Waiting for ranged monster.
  3997 | D:4      | 3997 ||| Stepping ~*~*~tactically~*~*~ (hiding).
  4003 | D:4      | 4003 ||| Waiting for ranged monster.
  4004 | D:4      | 4004 ||| Waiting for ranged monster.
  4005 | D:4      | 4005 ||| Waiting for ranged monster.
  4006 | D:4      | 4006 ||| Waiting for ranged monster.
  4041 | D:4      | 4041 ||| FLEEEEING.
  4042 | D:4      | 4042 ||| FLEEEEING.
  4043 | D:4      | 4043 ||| FLEEEEING.
  4044 | D:4      | 4044 ||| FLEEEEING.
  4045 | D:4      | 4045 ||| FLEEEEING.
  4046 | D:4      | 4046 ||| FLEEEEING.
  4047 | D:4      | 4047 ||| FLEEEEING.
  4048 | D:4      | 4048 ||| FLEEEEING.
  4049 | D:4      | 4049 ||| FLEEEEING.
  4050 | D:4      | 4050 ||| FLEEEEING.
  4051 | D:4      | 4051 ||| FLEEEEING.
  4052 | D:4      | 4052 ||| FLEEEEING.
  4053 | D:4      | 4053 ||| FLEEEEING.
  4054 | D:4      | 4054 ||| FLEEEEING.
  4055 | D:4      | 4055 ||| FLEEEEING.
  4056 | D:4      | 4056 ||| STAIRDANCE
  4097 | D:3      | 4097 ||| READING scroll labeled SAORCH ZUTZUUSK.
  4098 | D:3      | 4098 ||| READING scroll of identify.
  4098 | D:3      | 4098 ||| IDENTIFYING runed golden ring
  4099 | D:3      | 4099 ||| UPGRADING to ring of resist corrosion.
  4106 | D:4      | 4106 ||| STAIRDANCE
  4179 | D:4      | 4179 ||| EATING 11 rations.
  4240 | D:5      | Entered Level 5 of the Dungeon
  4251 | D:5      | 4251 ||| Stepping ~*~*~tactically~*~*~ (hiding).
  4252 | D:5      | 4252 ||| Waiting for ranged monster.
  4253 | D:5      | 4253 ||| Waiting for ranged monster.
  4261 | D:5      | 4261 ||| Stepping ~*~*~tactically~*~*~ (hiding).
  4268 | D:5      | Reached skill level 7 in Axes
  4311 | D:5      | 4311 ||| UPGRADING to plate armour.
  4321 | D:5      | 4321 ||| DROPPING +0 chain mail.
  4322 | D:5      | 4322 ||| READING scroll of remove curse.
  4390 | D:5      | 4390 ||| FLEEEEING.
  4391 | D:5      | 4391 ||| FLEEEEING.
  4392 | D:5      | 4392 ||| FLEEEEING.
  4393 | D:5      | 4393 ||| FLEEEEING.
  4394 | D:5      | 4394 ||| FLEEEEING.
  4395 | D:5      | 4395 ||| FLEEEEING.
  4396 | D:5      | 4396 ||| FLEEEEING.
  4397 | D:5      | 4397 ||| FLEEEEING.
  4398 | D:5      | 4398 ||| FLEEEEING.
  4400 | D:5      | 4400 ||| FLEEEEING.
  4409 | D:5      | Noticed Prince Ribbit
  4411 | D:5      | Reached XP level 8. HP: 36/60 MP: 8/8
  4421 | D:5      | HP: 15/60 [worker ant (4)]
  4426 | D:5      | HP: 13/60 [poisoned by a worker ant]
  4431 | D:5      | HP: 1/60 [Prince Ribbit (12)]
  4435 | D:5      | 4435 ||| Stepping ~*~*~tactically~*~*~ (stealth).
  4437 | D:5      | HP: 1/60 [poisoned by a worker ant]
  4445 | D:5      | 4445 ||| Stepping ~*~*~tactically~*~*~ (stealth).
  4446 | D:5      | 4446 ||| Stepping ~*~*~tactically~*~*~ (stealth).
  4571 | D:5      | 4571 ||| Stepping ~*~*~tactically~*~*~ (stealth).
  4575 | D:5      | 4575 ||| Stepping ~*~*~tactically~*~*~ (stealth).
  4608 | D:5      | HP: 13/60 [Prince Ribbit (9)]
  4615 | D:5      | HP: 1/60 [Prince Ribbit (13)]
  4617 | D:5      | Slain by Prince Ribbit

Levels and vault maps discovered:
D:1:      shiori_arrival_whats_in_store_for_you, layout_loops_ring
D:2:      layout_loops_cross, overflow_temple_1_default, first_ration
D:3:      layout_basic, nicolae_ashenzari_panopticon, st_stairs_3,
          trog_three_pillars_becter
D:4:      layout_basic, grunt_tough_drop
D:5:      layout_loops_ring, minmay_temple_entry_gardened_gates,
          uniq_prince_ribbit1

Skill      XL: |  1  2  3  4  5  6  7 |
---------------+----------------------+-----
Axes           | 3 4 5 6 7 |  7.6
Shields        | 4 5 |  5.4
Dodging        | 1 |  1.0
Fighting       | 4 |  4.2
Armour         | |  3.2

Action                   |  1- 3 |  4- 6 |  7- 9 || total
-------------------------+-------+-------+-------++-------
Melee: War axe           |    95 |   195 |   158 ||   448
  Use: Scroll            |     2 |     4 |     3 ||     9
  Eat: Chunk             |     1 |     7 |     2 ||    10
       Ration            |       |       |     1 ||     1
Armor: Scale mail        |    41 |    23 |       ||    64
       Chain mail        |       |    71 |    45 ||   116
       Plate armour      |       |       |    28 ||    28
Dodge: Dodged            |    38 |    49 |    29 ||   116
Block: Kite shield       |    49 |    81 |    73 ||   203

Table legend:
 A = Non-vault XP
 B = Vault XP
 C = Vault XP percentage of total XP
 D = Non-vault monster count
 E = Vault monster count
 F = Vault count percentage of total count
                 A         B        C        D         E       F
            +---------+---------+-------+---------+---------+-------
      Total |    1064 |     108 |   9.2 |     107 |       7 |   6.1
            +---------+---------+-------+---------+---------+-------
        D:1 |      41 |       0 |   0.0 |      19 |       0 |   0.0
        D:2 |      38 |       0 |   0.0 |      21 |       0 |   0.0
        D:3 |      58 |      17 |  22.7 |      22 |       2 |   8.3
        D:4 |     483 |      91 |  15.9 |      33 |       5 |  13.2
        D:5 |     444 |       0 |   0.0 |      12 |       0 |   0.0
            +---------+---------+-------+---------+---------+-------
